 Dungeon Crawl Stone Soup version 0.29.0-4-gdea44cf6ec (webtiles) character file.

Game seed: 17595039199673336669

46 qw the Chopper (level 3, -7/21 HPs)
             Began as a Tengu Warper on Aug 28, 2022.
             Mangled by a goblin
             ... wielding a +1 dagger of electrocution
             ... led by Robin
              (11 damage)
             ... on level 2 of the Dungeon.
             The game lasted 00:00:07 (1043 turns).

qw the Chopper (Tengu Warper)                       Turns: 1043, Time: 00:00:07

Health: -7/21      AC:  3    Str: 13    XL:     3   Next: 66%
Magic:  7/7        EV: 12    Int: 13    God:
Gold:   25         SH:  0    Dex: 13    Spells: 6/6 levels left

rFire   . . .      SeeInvis .   Y - +0 hand axe
rCold   . . .      Faith    .   (no shield)
rNeg    . . .      Spirit   .   b - +0 leather armour
rPois   .          Reflect  .   (helmet restricted)
rElec   .          Harm     .   (no cloak)
rCorr   .          Rampage  .   (no gloves)
Will    .....                   (boots unavailable)
Stlth   +.........              (no amulet)
HPRegen 0.07/turn               (no ring)
MPRegen 0.10/turn               (no ring)

@: no status effects
A: beak, talons 3
a: no special abilities


You were on level 2 of the Dungeon.
You visited 1 branch of the dungeon, and saw 2 of its levels.

You collected 25 gold pieces.


Innate Abilities, Weirdness & Mutations

You have a beak for a mouth.
You have claws for feet.


   Skills:
 - Level 2.0 Fighting
 + Level 4.3 Axes
 - Level 1.0 Throwing
 - Level 1.1 Armour
 - Level 2.1 Dodging
 - Level 2.0 Spellcasting
 - Level 2.4 Translocations


You had 6 spell levels left.
You didn't know any spells.
Your spell library contained the following spells:

 Spells                   Type           Power      Damage    Failure   Level
 Blink                    Tloc           14%        N/A       19%         2
 Gell's Gravitas          Tloc           7%         N/A       36%         3
 Lesser Beckoning         Tloc           7%         N/A       36%         3
 Teleport Other           Tloc           7%         N/A       36%         3
 Manifold Assault         Tloc           7%         N/A       98%         5

Inventory:

Hand Weapons
 f - a +0 club
 Y - a +0 hand axe (weapon)
Armour
 b - a +0 leather armour (worn)
Potions
 a - a potion of curing {unknown}
 e - a potion of cancellation {unknown}
 g - a potion of degeneration {unknown}
 h - a potion of might {unknown}

Dungeon Overview and Level Annotations

Branches:
Dungeon (2/15)

Altars:

Annotations:
D:2 Jessica


Message History

You hear a shout! x2
You hit the hobgoblin.
You kill the hobgoblin!
You closely miss the goblin.
A hobgoblin comes into view.
The goblin unwields a +0 sling.
The goblin wields a +0 dagger.
The goblin hits you with a +0 dagger.
You slash the goblin!
You kill the goblin!
You barely miss the goblin.
A goblin comes into view. It is wielding a +0 club.
The goblin misses you.
You barely miss the goblin. You hit the goblin but do no damage.
The goblin misses you. The goblin hits you but does no damage.
A goblin comes into view. It is wielding a +0 club.
The goblin hits you with a +0 dagger.
You closely miss the goblin. You hit the goblin but do no damage.
The goblin barely misses you. The goblin hits you but does no damage.
A hobgoblin comes into view.
The hobgoblin shouts!
You hit the goblin. You peck the goblin.
You kill the goblin!
You hit the goblin. The goblin hits you with a +0 dagger.
You hit the goblin.
You kill the goblin!
You miss the goblin.
A frilled lizard comes into view.
Jessica mumbles some strange words.
Jessica blinks!
The goblin closely misses you.
1041 ||| Stepping ~*~*~tactically~*~*~ (hiding).
The goblin attacks as you move away!
The goblin hits you with a +1 dagger of electrocution.
You closely miss the hobgoblin. You claw the hobgoblin.
You kill the hobgoblin!
You hit the goblin but do no damage. Your kick misses the goblin.
The goblin hits you with a +1 dagger of electrocution.
You are electrocuted!
Ouch! That really hurt!
You die...

#.##.# #.##.#
########.##.####
.......%....@... .
..######.##..####.#
#......)..?........
#.####...###ยค....#
##..###)g..^##
#...@ggg....l
#..######...# ##.#
# ###


You could see a hobgoblin and 3 goblins.

Vanquished Creatures
  A dart slug (D:1)
  2 endoplasms (D:1)
  A giant cockroach (D:1)
  7 goblins
  4 hobgoblins
  6 jackals (D:1)
  4 ball pythons (D:1)
  A bat (D:1)
  6 frilled lizards
  3 kobolds
  6 rats
41 creatures vanquished.

Notes
Turn   | Place    | Note
-------+----------+-------------------------------------------
     0 | D:1      | qw the Tengu Warper began the quest for the Orb.
     0 | D:1      | Reached XP level 1. HP: 12/12 MP: 4/4
     0 | D:1      | 0 ||| qw: Version: 0.1-a-89-g26bdef1
     0 | D:1      | 0 ||| qw: Game counter: 2977
     0 | D:1      | 0 ||| qw: Always use a shield: true
     0 | D:1      | 0 ||| qw: God list: Okawaru
     0 | D:1      | 0 ||| qw: Allow faded altars: false
     0 | D:1      | 0 ||| qw: Do Orc after D:15 true
     0 | D:1      | 0 ||| qw: Do second Lair branch before Depths: true
     0 | D:1      | 0 ||| qw: Lair rune preference: random
     0 | D:1      | 0 ||| qw: Plans: Normal
     0 | D:1      | 0 ||| PLANNING D:1-11
    36 | D:1      | 36 ||| Stepping ~*~*~tactically~*~*~ (hiding).
    39 | D:1      | 39 ||| Stepping ~*~*~tactically~*~*~ (stealth).
    42 | D:1      | 42 ||| Stepping ~*~*~tactically~*~*~ (stealth).
    43 | D:1      | 43 ||| Stepping ~*~*~tactically~*~*~ (stealth).
    44 | D:1      | 44 ||| Stepping ~*~*~tactically~*~*~ (stealth).
    46 | D:1      | 46 ||| Stepping ~*~*~tactically~*~*~ (stealth).
    49 | D:1      | Reached XP level 2. HP: 17/17 MP: 6/6
    50 | D:1      | 50 ||| Stepping ~*~*~tactically~*~*~ (stealth).
    55 | D:1      | Reached skill level 3 in Axes
   105 | D:1      | 105 ||| Stepping ~*~*~tactically~*~*~ (stealth).
   107 | D:1      | 107 ||| Stepping ~*~*~tactically~*~*~ (stealth).
   288 | D:1      | Found a faded altar of an unknown god.
   514 | D:1      | Reached XP level 3. HP: 21/21 MP: 7/7
   588 | D:1      | Reached skill level 4 in Axes
   951 | D:1      | 951 ||| READING scroll labelled TOYBBA CIUTYAXT.
   952 | D:1      | 952 ||| DROPPING scroll of blinking.
  1014 | D:2      | 1014 ||| Stepping ~*~*~tactically~*~*~ (stealth).
  1028 | D:2      | Noticed Jessica
  1041 | D:2      | 1041 ||| Stepping ~*~*~tactically~*~*~ (hiding).
  1043 | D:2      | HP: 4/21 [goblin/+1 dagger of electrocution[Robin] (3)]
  1043 | D:2      | Mangled by a goblin

Levels and vault maps discovered:
D:1:      roderic_chinese_lattice_arrival, layout_loops_ring,
          basic_ecumenical_altar, corexii_item_surrounded_by_moat
D:2:      kennysheep_six_static_rooms, layout_rooms, kennysheep_generic_room_12,
          uniq_robin, uniq_jessica

Skill      XL: |  1  2  3 |
---------------+----------+-----
Axes           | 3 4 |  4.3
Fighting       | |  2.0
Throwing       | |  1.0
Armour         | |  1.1
Dodging        | |  2.1
Spellcasting   | |  2.0
Translocations | |  2.4

Action                   || total
-------------------------++-------
Melee: Hand axe          ||    66
       Kick              ||    13
       Peck              ||     5
       Punch             ||     2
Throw: Boomerang         ||     7
  Use: Scroll            ||     1
Armor: Leather armour    ||    12
Dodge: Dodged            ||    27

Table legend:
 A = Non-vault XP
 B = Vault XP
 C = Vault XP percentage of total XP
 D = Non-vault monster count
 E = Vault monster count
 F = Vault count percentage of total count
                 A         B        C        D         E       F
            +---------+---------+-------+---------+---------+-------
      Total |      58 |       8 |  12.1 |      37 |       4 |   9.8
            +---------+---------+-------+---------+---------+-------
        D:1 |      52 |       0 |   0.0 |      32 |       0 |   0.0
        D:2 |       6 |       8 |  57.1 |       5 |       4 |  44.4
            +---------+---------+-------+---------+---------+-------
